 Dungeon Crawl Stone Soup version 0.17-a0-1954-g0dddeaa (webtiles) character file.

101 Kangaxx the Magician (level 4, -4/24 HPs)
             Began as a Deep Elf Wizard on Oct 4, 2015.
             Killed from afar by an orc wizard (9 damage)
             ... with a puff of flame
             ... on level 3 of the Dungeon.
             The game lasted 00:08:46 (2452 turns).

Kangaxx the Magician (Deep Elf Wizard)              Turns: 2452, Time: 00:08:46

Health: -4/24      AC:  2    Str:  4    XL:     4   Next: 48%
Magic:  2/13       EV: 13    Int: 24    God:
Gold:   76         SH:  0    Dex: 13    Spells: 5 memorised, 2 levels left

rFire  . . .     SeeInvis .     g - +1 dagger (speed)
rCold  . . .     Clarity  .     a - +0 robe
rNeg   . . .     SustAt   .     (no shield)
rPois  .         Gourm    .     b - +0 hat
rElec  .         Spirit   .     (no cloak)
rCorr  .         Warding  .     (no gloves)
rMut   .         Stasis   .     (no boots)
MR     .....                    (no amulet)
Stlth  ++........               (no ring)
                                (no ring)

@: not resistant to hostile enchantments, unstealthy
A: no striking features
a: no special abilities


You were on level 3 of the Dungeon.
You were hungry.

You visited 1 branch of the dungeon, and saw 3 of its levels.

You collected 76 gold pieces.

Inventory:

Hand weapons
 g - a +1 dagger of speed (weapon)
 r - a +0 club
Armour
 a - a +0 robe (worn)
 b - a +0 hat (worn)
Scrolls
 e - 2 scrolls of enchant armour {unknown}
 h - a scroll of amnesia {unknown}
 j - a scroll of teleportation {unknown}
 k - a scroll of immolation {unknown}
 l - a scroll of fog {unknown}
 o - 2 scrolls of identify {unknown}
 p - 2 scrolls of remove curse {unknown}
Potions
 i - a potion of heal wounds {unknown}
 m - 2 potions of poison {unknown}
 s - a potion of ambrosia {unknown}
Books
 c - a book of Minor Magic

   Spells                             Type                      Level
   a - Magic Dart                     Conjuration                  1
   b - Blink                          Translocation                2
   c - Call Imp                       Summoning                    2
   d - Repel Missiles                 Charms/Air                   2
   e - Slow                           Hexes                        2
   f - Conjure Flame                  Conjuration/Fire             3
   g - Mephitic Cloud                 Conjuration/Poison/Air       3
Comestibles
 d - a bread ration
 f - a beef jerky
 n - 4 meat rations
 q - a chunk of flesh


   Skills:
 + Level 3.4 Dodging
 + Level 3.4 Stealth
 + Level 5.2 Spellcasting
 * Level 2.9 Conjurations
   Level 1.1 Summonings
 - Level 1.1 Translocations


You had 2 spell levels left.
You knew the following spells:

 Your Spells              Type           Power        Failure   Level  Hunger
a - Magic Dart            Conj           ###.         2%          1    None
b - Blink                 Tloc           N/A          12%         2    None
c - Repel Missiles        Chrm/Air       #.....       14%         2    None
e - Conjure Flame         Conj/Fire      ##......     17%         3    ##.....
h - Mephitic Cloud        Conj/Pois/Air  ##......     21%         3    ##.....


Dungeon Overview and Level Annotations

Branches:
Dungeon (3/15)

Altars:
Elyvilon
Gozag
Ru
Sif Muna
Trog

Annotations:
D:2 Ijyb


Message History

The stinking cloud engulfs the orc wizard.
The orc wizard is heavily wounded.
The orc moves out of view.
The orc wizard is engulfed in noxious fumes.
The orc wizard appears confused.
The orc wizard gestures at you while chanting.
You resist with some effort.
The orc wizard is engulfed in noxious fumes.
The orc wizard appears confused.
The orc wizard is engulfed in noxious fumes.
The orc wizard appears confused.
The orc wizard is engulfed in noxious fumes.
The orc wizard appears confused.
The orc wizard closely misses something.
The orc wizard casts a spell at you. The magic dart hits you!
* * * LOW HITPOINT WARNING * * *
The orc wizard points at you and mumbles some strange words.
The puff of flame hits you!
You die...

#......# ##.##....# #
#......###......o.### #.
#......##.o###.##.?)# ..
#..........o.o...##......
#........#.##.##.....o..(
#.......##.#..#####.#.#..
#..........#.######.#....
#.......#...†...#...##...
#######.@..#......# #..#
#(####.##.######.#
######.#######....##..#
#.......<.# ####.....#
#..÷......# ##....#
#.........# #..#.#
#.........# #...#.##
#.......>.# #.#.#..#
#.........# #....##.#


You could see an orc wizard.

Vanquished Creatures
  An orc priest (D:3)
  An adder (D:3)
  4 worms (D:2)
  A giant gecko (D:2)
  4 orcs (D:3)
  8 bats
  3 goblins
  6 hobgoblins
  A quokka (D:3)
  5 giant cockroaches
  5 giant newts
  3 kobolds
  8 rats
50 creatures vanquished.

Notes
Turn   | Place    | Note
--------------------------------------------------------------
     0 | D:1      | Kangaxx the Deep Elf Wizard began the quest for the Orb.
     0 | D:1      | Reached XP level 1. HP: 10/10 MP: 7/7
   283 | D:1      | Reached XP level 2. HP: 15/15 MP: 7/9
  1030 | D:2      | Found a sacrificial altar of Ru.
  1044 | D:2      | Found an opulent altar of Gozag.
  1049 | D:2      | Found a white marble altar of Elyvilon.
  1078 | D:2      | Noticed Ijyb
  1345 | D:2      | Found a deep blue altar of Sif Muna.
  1436 | D:2      | Reached XP level 3. HP: 19/19 MP: 8/11
  1440 | D:2      | Learned a level 2 spell: Blink
  1467 | D:2      | Learned a level 2 spell: Repel Missiles
  1471 | D:2      | Learned a level 3 spell: Mephitic Cloud
  1475 | D:2      | Learned a level 3 spell: Conjure Flame
  1656 | D:2      | Noticed a moth of wrath
  1680 | D:2      | Reached skill level 5 in Spellcasting
  1743 | D:2      | Found a bloodstained altar of Trog.
  2236 | D:3      | Reached XP level 4. HP: 10/24 MP: 2/13
  2452 | D:3      | Killed from afar by an orc wizard

Vault maps used:
D:1:      dpeg_arrival_houses_and_road, serial_park_tiny_pond
D:2:      lemuel_crystal_altar, tgw_trog, minmay_overflow_temple_star_quad,
          supply_closet_lemuel, uniq_iyjb
D:3:      kennysheep_big_flooded_room, lemuel_coloured_pillars_altar

Action                   |  1- 3 |  4- 6 || total
-------------------------+-------+-------++-------
Melee: Dagger            |     2 |       ||     2
 Cast: Magic Dart        |    89 |    19 ||   108
       Mephitic Cloud    |     3 |     1 ||     4
       Conjure Flame     |     3 |       ||     3
  Eat: Chunk             |     4 |       ||     4
